Map: Ley Lines

Players

Reynor - Winner!

  • Race: Zerg Zerg
  • Spawn Location: 7:00

DnS

  • Race: Protoss Protoss
  • Spawn Location: 1:00

Event: HomeStory Cup XXVI

VOD

Have the link to the VOD?

Description

Time

  • Played on: Nov. 30, 2024, 7:31 a.m.
  • Length: 7:34

All games in this series

Show
View Real Time Build Order
Export as new Build Order

Reynor Zerg - Winner!

Build Orders: Hatch First 

Get SALT Encoding   

  12  0:00  Drone  
  13  0:12  Overlord  
  13  0:16  Drone  
  14  0:31  Drone x2  
  16  0:42  Drone  
  17  0:49  Hatchery  
  16  0:53  Drone  
  16  0:56  Drone  
  18  1:06  Extractor  
  17  1:12  Spawning Pool  
  17  1:14  Drone  
  17  1:18  Drone  
  18  1:28  Drone  
  19  1:39  Overlord  
  19  1:51  Drone  
  20  1:59  Queen  
  20  2:00  Zergling x2  
  23  2:02  Queen  
  23  2:04  Drone  
  26  2:10  Drone  
  26  2:13  Drone  
  26  2:14  Metabolic Boost  
  28  2:21  Zergling x2  
  29  2:23  Drone  
  30  2:32  Drone  
  31  2:39  Queen  
  31  2:43  Zergling x2  
  34  2:48  Hatchery  
  33  2:52  Overlord  
  33  2:54  Zergling x2  
  33  2:56  Zergling x2  
  33  2:58  Zergling x2  
  36  3:08  Overlord  
  36  3:11  Drone x3  
  36  3:12  Zergling x2  
  40  3:14  Drone  
  42  3:20  Drone  
  42  3:26  Spore Crawler  
  39  3:27  Drone  
  39  3:31  Drone  
  40  3:36  Drone, Queen  
  40  3:38  Spore Crawler  
  40  3:39  Drone  
  40  3:40  Drone  
  44  3:45  Overlord  
  44  3:49  Drone x2  
  44  3:52  Spore Crawler  
  45  3:58  Drone x2  
  45  3:59  Drone  
  45  4:02  Drone  
  49  4:03  Drone  
  50  4:14  Drone x4  
  50  4:16  Drone x2  
  54  4:18  Drone  
  54  4:20  Spore Crawler  
  53  4:24  Drone x2  
  53  4:25  Drone  
  53  4:26  Drone  
  53  4:28  Drone x2  
  58  4:33  Drone x2  
  58  4:34  Spore Crawler  
  58  4:36  Drone  
  60  4:43  Overlord  
  60  4:44  Drone  
  60  4:45  Drone x3  
  62  4:46  Extractor  
  62  4:47  Drone  
  62  4:49  Extractor  
  63  4:53  Queen  
  63  4:54  Overlord  
  63  4:56  Overlord  
  65  5:01  Overlord  
  65  5:08  Roach Warren, Drone  
  65  5:10  Overlord  
  65  5:13  Drone  
  66  5:15  Lair  
  66  5:16  Zergling x10  
  66  5:19  Drone x2  
  73  5:23  Zergling x6  
  76  5:29  Queen, Overlord  
  78  5:39  Overlord  
  78  5:45  Zergling x12  
  78  5:48  Overlord  
  84  5:52  Roach x4  
  84  5:53  Roach  
  84  5:55  Pneumatized Carapace  
  84  5:56  Roach x2  
  98  6:00  Zergling x2, Roach x2  
  98  6:02  Zergling x2  
  104  6:04  Roach  
  104  6:05  Roach  
  104  6:09  Roach  
  108  6:17  Roach  
  108  6:18  Queen, Roach x2  
  104  6:25  Zergling x6  
  106  6:29  Zergling x4  
  106  6:30  Zergling x2  
  108  6:35  Zergling x4  
  108  6:39  Zergling x2  
  109  6:42  Ravager x2  
  111  6:48  Zergling x4  
  111  6:50  Queen  
  111  6:53  Ravager  
  114  6:55  Zergling x4  
  114  6:56  Zergling x2  
  114  6:57  Zergling x8  
  114  7:01  Zergling x2  
  121  7:05  Ravager  
  117  7:09  Zergling x6  
  117  7:13  Zergling x2  
  117  7:14  Ravager  
  121  7:23  Ravager  
Show
View Real Time Build Order
Export as new Build Order

DnS Protoss 

Build Orders: 1 Gate Expand, Oracle Opening 

Get SALT Encoding   

  12  0:00  Probe  
  13  0:12  Probe  
  14  0:19  Pylon  
  14  0:24  Probe  
  15  0:34  Probe  
  15  0:40  Gateway  
  15  0:42  Probe  
  16  0:49  Assimilator  
  17  0:51  Probe  
  18  1:04  Probe  
  19  1:16  Probe  
  20  1:27  Nexus  
  20  1:36  Cybernetics Core  
  20  1:39  Probe  
  21  1:47  Assimilator  
  21  1:51  Probe  
  22  1:55  Pylon  
  22  2:02  Probe  
  22  2:04  Adept  
  23  2:10  Probe  
  26  2:18  Probe  
  26  2:20  Stargate  
  27  2:26  Adept  
  27  2:29  Probe  
  27  2:32  Warp Gate  
  30  2:38  Probe  
  31  2:47  Probe  
  31  2:50  Probe  
  33  2:55  Adept  
  33  2:56  Oracle  
  35  3:00  Probe  
  35  3:04  Probe  
  37  3:11  Pylon  
  37  3:12  Probe  
  41  3:16  Probe  
  42  3:24  Probe  
  42  3:25  Adept  
  45  3:32  Probe  
  45  3:33  Oracle  
  42  3:35  Gateway  
  42  3:36  Probe  
  42  3:37  Pylon  
  43  3:44  Probe  
  47  3:49  Probe  
  47  3:56  Probe  
  47  4:01  Probe  
  49  4:08  Probe  
  50  4:13  Probe  
  48  4:20  Probe  
  48  4:21  Adept  
  51  4:25  Probe  
  54  4:31  Oracle  
  54  4:32  Probe  
  54  4:35  Stalker  
  54  4:37  Probe  
  54  4:38  Nexus  
  58  4:39  Pylon  
  58  4:44  Probe  
  59  4:47  Assimilator x2  
  59  4:49  Probe  
  60  4:56  Probe  
  60  4:57  Adept, Pylon  
  60  4:58  Adept  
  65  5:01  Probe  
  66  5:08  Robotics Facility, Probe  
  66  5:13  Probe  
  68  5:16  Shield Battery  
  68  5:19  Pylon  
  68  5:20  Probe  
  69  5:25  Probe  
  70  5:31  Forge, Probe  
  70  5:33  Gateway, Pylon  
  70  5:35  Probe  
  71  5:40  Probe  
  72  5:43  Sentry, Probe  
  72  5:47  Probe  
  72  5:48  Probe  
  76  5:52  Probe  
  76  5:55  Probe  
  76  5:56  Observer  
  80  5:58  Robotics Facility  
  80  5:59  Robotics Bay, Probe  
  80  6:01  Zealot  
  80  6:04  Probe  
  84  6:05  Probe  
  84  6:06  Zealot  
  83  6:11  Probe  
  83  6:16  Probe  
  83  6:17  Probe  
  79  6:18  Assimilator  
  79  6:19  Assimilator  
  79  6:20  Robotics Bay  
  79  6:23  Probe  
  80  6:28  Probe, Immortal  
  80  6:29  Probe  
  80  6:35  Probe  
  80  6:39  Twilight Council  
  83  6:40  Probe  
  83  6:41  Stalker x2, Probe  
  89  6:52  Immortal  
  96  7:03  Shield Battery  
  90  7:08  Photon Cannon  
  90  7:09  Shield Battery, Pylon x2  
  77  7:15  Sentry  
  77  7:16  Sentry  
  77  7:24  Shield Battery  
  77  7:30  Shield Battery  
Tags
 
Add a new tag
Caveats
  • Supply blocks, unpowered buildings, or Contaminate may cause inaccurate times.
  • Supply counts are checked every 10 seconds.